 Dungeon Crawl Stone Soup version 0.16-a0-1377-g5fe55b6 (webtiles) character file.

30 Psiweapon the Insei (level 3, 0/17 HPs)
             Began as a Vine Stalker Transmuter on Oct 20, 2014.
             Succumbed to an adder's poison
             ... on level 2 of the Dungeon.
             The game lasted 00:03:47 (859 turns).

Psiweapon the Insei (Vine Stalker Transmuter)        Turns: 859, Time: 00:03:47

Health: 0/17       AC:  3    Str: 17    XL:     3   Next: 20%
Magic:  4/9        EV: 12    Int: 14    God:
Gold:   61         SH:  0    Dex: 14    Spells: 1 memorised, 7 levels left

rFire  . . .     SeeInvis .     s - +1 short sword (speed)
rCold  . . .     Clarity  .     c - +0 robe
rNeg   . . .     SustAb   .     (no shield)
rPois  .         Gourm    .     (no helmet)
rElec  .         Spirit   +     (no cloak)
rCorr  .         Warding  .     p - +0 pair of gloves
rMut   .         Stasis   .     (no boots)
MR     .....                    (no amulet)
Stlth  +.........               (no ring)
                                (no ring)

@: mighty, lethally poisoned, hasted, very quick, not resistant to hostile
enchantments, very unstealthy
A: fangs 2, regeneration 1, magic shield, antimagic bite, no device heal 3, rot
immunity
a: no special abilities


You were on level 2 of the Dungeon.
You were not hungry.

You visited 1 branch of the dungeon, and saw 2 of its levels.

You collected 61 gold pieces.

Inventory:

Hand weapons
 s - a +1 short sword of speed (weapon)
Missiles
 b - 12 arrows
 e - 42 bolts
 r - 27 sling bullets
Armour
 c - a +0 robe (worn)
 p - a +0 pair of gloves (worn)
Scrolls
 f - a scroll of enchant weapon {unknown}
 g - a scroll of recharging {unknown}
 j - a scroll of identify {unknown}
Books
 d - a book of Changes

   Spells                             Type                      Level
   *Beastly Appendage                 Transmutation                1
   Sticks to Snakes                   Transmutation                2
   Spider Form                        Transmutation/Poison         3
   Ice Form                           Ice/Transmutation            4
   Blade Hands                        Transmutation                5
Comestibles
 a - a bread ration
 i - a meat ration
 l - 2 chunks of hobgoblin flesh
 m - a beef jerky
 t - a rotting chunk of rat flesh
 u - a chunk of goblin flesh


   Skills:
 - Level 0.8 Fighting
 + Level 0.3 Short Blades
 - Level 1.5 Dodging
 + Level 3.4 Unarmed Combat
 * Level 3.1 Spellcasting
 - Level 2.0 Transmutations


You had 7 spell levels left.
You knew the following spells:

 Your Spells              Type           Power        Failure   Level  Hunger
a - Beastly Appendage     Trmt           #.....       12%         1    #......


Dungeon Overview and Level Annotations

Branches:
Dungeon (2/15)

Altars:


Innate Abilities, Weirdness & Mutations

You have extremely sharp teeth.
Your natural rate of healing is unusually fast.
When hurt, damage is shared between your health and your magic reserves.
Your bite disrupts and absorbs the magic of your enemies.
Potions and wands cannot restore your health.
You are immune to rotting.


Message History

The adder is severely wounded.
You barely miss the adder.
The adder is severely wounded.
* * * LOW HITPOINT WARNING * * *
You feel sick. The adder misses you.
You hit the adder.
You kill the adder!
Your Spellcasting skill increases to level 3!
You have reached level 3!
Your experience leads to an increase in your attributes!
Increase (S)trength, (I)ntelligence, or (D)exterity?
You feel clever.
* * * LOW HITPOINT WARNING * * *
You feel sick.
Drink which item? (? for menu, Esc to quit)
You feel very mighty all of a sudden.
It was a potion of might.
Drink which item? (? for menu, Esc to quit)
You feel yourself speed up.
It was a potion of haste.
You die...

#..# .... ..# # .....
####.#.. #...... #
#..#.## .# ########.....#
.# #...@........#..#
........%##......#..#####
#.#.....##..............
#.....##....%.%.......
#.....##.#.###.#......
.......##.#..# #######
##.......#.#.#
..#.#####.### . #)#


There were no monsters in sight!

Vanquished Creatures
  An adder (D:2)
  5 bats
  2 giant cockroaches
  2 goblins
  3 hobgoblins
  A ball python (D:1)
  2 giant newts
  3 kobolds
  2 rats
21 creatures vanquished.

Notes
Turn   | Place    | Note
--------------------------------------------------------------
     0 | D:1      | Psiweapon, the Vine Stalker Transmuter, began the quest for the Orb.
     0 | D:1      | Reached XP level 1. HP: 9/9 MP: 3/3
   354 | D:1      | Reached XP level 2. HP: 14/14 MP: 6/6
   857 | D:2      | Reached XP level 3. HP: 1/17 MP: 3/9
   859 | D:2      | Succumbed to an adder's poison

Action                   || total
-------------------------++-------
Melee: Unarmed           ||    42
       Short sword       ||    35
 Cast: Beastly Appendage ||    12
  Use: Potion            ||     2
